 Dungeon Crawl Stone Soup version 0.28-a0-852-gbbce81c95b (webtiles) character file.

Game seed: 9021684851249814105

30 Ijustatesigmund the Skirmisher (level 3, -4/24 HPs)
             Began as a Gargoyle Fighter on Nov 15, 2021.
             Slain by Crazy Yiuf (8 damage)
             ... on level 2 of the Dungeon.
             The game lasted 00:02:11 (2010 turns).

Ijustatesigmund the Skirmisher (Gargoyle Fighter)   Turns: 2010, Time: 00:02:11

Health: -4/24      AC: 12    Str: 19    XL:     3   Next: 18%
Magic:  0/3        EV:  7    Int:  9    God:
Gold:   36         SH:  5    Dex:  9    Spells: 2/2 levels left

rFire   . . .      SeeInvis .   a - +2 flail (freeze)
rCold   . . .      Faith    .   c - +1 buckler
rNeg    + . .      Spirit   .   b - +0 chain mail
rPois   ∞          Reflect  .   (no helmet)
rElec   +          Harm     .   (no cloak)
rCorr   +          Rampage  .   (no gloves)
Will    .....                   (no boots)
Stlth   ..........              (no amulet)
HPRegen 0.08/turn               g - ring of resist corrosion
MPRegen 0.08/turn               (no ring)

@: invisible
A: sickness immunity, AC +3, negative energy resistance 1, electricity
resistance, torment resistance 1, petrification resistance
a: no special abilities


You were on level 2 of the Dungeon.
You visited 1 branch of the dungeon, and saw 3 of its levels.

You collected 36 gold pieces.

Inventory:

Hand Weapons
 a - a +2 flail of freezing (weapon)
Armour
 b - a +0 chain mail (worn)
 c - a +1 buckler (worn)
Jewellery
 g - a ring of resist corrosion (left hand)
Wands
 h - a wand of flame (17)
Potions
 d - a potion of might
 e - a potion of mutation
 f - a potion of flight {unknown}
 j - a potion of invisibility {unknown}
 k - a potion of curing {unknown}


   Skills:
 + Level 4.6 Fighting
 - Level 2.0 Maces & Flails
 - Level 3.2 Armour
 - Level 3.2 Shields


You had 2 spell levels left.
You didn't know any spells.
Your spell library was empty.

Dungeon Overview and Level Annotations

Branches:
Dungeon (3/15)

Altars:
Ashenzari
Elyvilon

Annotations:
D:2 Crazy Yiuf


Innate Abilities, Weirdness & Mutations

You are immune to sickness and miasma.
Your stone body is resilient. (AC +3)
You are immune to poison.
You resist negative energy. (rN+)
You are resistant to electric shocks. (rElec)
You are resistant to unholy torment.
You are immune to petrification.


Message History

No target in view!
No target in view!
HP restored.
Things that are here:
a jackal corpse; a jackal corpse You see here 17 bolts.
You see here 26 sling bullets.
A hobgoblin comes into view.
The hobgoblin shouts!
The hobgoblin barely misses you.
Your chain mail prevents you from hitting the hobgoblin.
The hobgoblin hits you but does no damage.
The hobgoblin misses you.
You completely miss the hobgoblin. The hobgoblin hits you.
You closely miss the hobgoblin. The hobgoblin hits you.
You closely miss the hobgoblin.
The hobgoblin hits you but does no damage. x2
You closely miss the hobgoblin. The hobgoblin hits you.
You hit the hobgoblin. You freeze the hobgoblin.
The hobgoblin is severely wounded.
The hobgoblin closely misses you.
You hit the hobgoblin. You freeze the hobgoblin.
You kill the hobgoblin!
No target in view!
There is a stone staircase leading down here.
Crazy Yiuf shouts!
Crazy Yiuf laughs, "Liver sing return to song!"
You open the door. You hit Crazy Yiuf but do no damage.
Crazy Yiuf hits you with a +3 quarterstaff of chaos!
You fade into invisibility!
You barely miss Crazy Yiuf.
Crazy Yiuf cries, "Island!
Cod sing disdain."
Crazy Yiuf hits you with a +3 quarterstaff of chaos!
* * * LOW HITPOINT WARNING * * *
You feel your power leaking away.
You barely miss Crazy Yiuf. You block Crazy Yiuf's attack.
You hit Crazy Yiuf but do no damage. You block Crazy Yiuf's attack.
Crazy Yiuf hits you with a +3 quarterstaff of chaos!
You die...

####### ####..
#.....# #....#
#.###.####.##.#
### ##.....##.#
########.# #.#
####♣♣ ### ###
#.# ##..#.♣♣
♣♣#..)# #.# #.#
#......♣♣♣♣@g...#
#.# ####..
#.......♣..♣#...#
#.# #.....
#.#.#..♣.♣♣♣ ###
#.# #.>...
#.###♣♣♣♣♣ #.#
#..... #.# #.#
#..... #.#
####.###..... #.#
#........#.## #.#
#........#.# #.#
###
#####.....#####


You could see Crazy Yiuf.

Vanquished Creatures
  A dart slug (D:1)
  6 bats
  A giant cockroach (D:2)
  4 goblins (D:1)
  2 hobgoblins (D:2)
  3 jackals (D:2)
  4 ball pythons
  A frilled lizard (D:1)
  A kobold (D:1)
  2 rats (D:3)
25 creatures vanquished.

Notes
Turn   | Place    | Note
-------+----------+-------------------------------------------
     0 | D:1      | Ijustatesigmund the Gargoyle Fighter began the quest for
                  | the Orb.
     0 | D:1      | Reached XP level 1. HP: 14/14 MP: 1/1
   221 | D:1      | Reached XP level 2. HP: 17/20 MP: 2/2
   349 | D:1      | Reached skill level 4 in Fighting
   351 | D:1      | Found a faded altar of an unknown god.
  1125 | D:2      | Found a white marble altar of Elyvilon.
  1355 | D:2      | Found a runed translucent door.
  1356 | D:2      | Noticed Crazy Yiuf
  1459 | D:2      | You fall into a shaft and drop 1 floor!
  1482 | D:3      | Found a broken altar of Ashenzari.
  1557 | D:3      | Reached XP level 3. HP: 24/24 MP: 3/3
  2010 | D:2      | Slain by Crazy Yiuf

Illustrated notes

Levels and vault maps discovered:
D:1:      shiori_shiawase, layout_loops_ring, chequers_ecumenical_altar_island
D:2:      wad_crossroads, layout_loops_cross, kennysheep_flooded_box,
          uniq_robin, uniq_crazy_yiuf_cottage
D:3:      layout_rooms, mainiacjoe_overflow_concentric_impassable

Skill      XL: |  1  2 |
---------------+-------+-----
Fighting       | 4 |  4.6
Maces & Flails | |  2.0
Armour         | |  3.2
Shields        | |  3.2

Action                   || total
-------------------------++-------
Melee: Flail             ||    90
  Use: Scroll            ||     8
Armor: Scale mail        ||    18
       Chain mail        ||    68
Dodge: Dodged            ||    49
Block: Buckler           ||    20

Table legend: (Time is in decaauts)
 A = Elapsed time spent in this place.
 B = Non-inter-level travel time spent in this place.
 C = Inter-level travel time spent in this place.
 D = Time resting spent in this place.
 E = Time spent auto-exploring this place.
 F = Levels seen in this place.
 G = Mean time per level.
                   A        B        C        D        E       F      G
               +--------+--------+--------+--------+--------+-----+--------+
         Total |   2042 |   2010 |     32 |    119 |   1637 |   3 |  680.7 |
       Dungeon |   2042 |   2010 |     32 |    119 |   1637 |   3 |  680.7 |
               +--------+--------+--------+--------+--------+-----+--------+

Top non-repeatable levels by time:
     D:1: 1065 daAuts
     D:2: 839 daAuts
     D:3: 137 daAuts
